[ AOE2 MATCH · #505544169 ]
UnrankedTurks vs Franks
Player's team · WIN
Rival team · LOSS
[ REPLAY ANALYSIS · EXTRACTED FROM THE RECORDED GAME ]
Feudal
—
Castle
—
Imperial
—
| APM avg | 26.2 |
| APM peak | 70 |
| eAPM avg | 16.8 |
| Villagers / military | 59 / 79 |
Focus
⚔️ 28.7% · 🌾 71.3%
Scout Cavalry ×46 · Janissary ×25 · Trebuchet (Packed) ×3 · Battering Ram ×2 · Bombard Cannon ×2 · Mangonel ×1
Feudal
—
Castle
—
Imperial
—
| APM avg | 30.8 |
| APM peak | 81 |
| eAPM avg | 16.7 |
| Villagers / military | 89 / 45 |
Focus
⚔️ 25.5% · 🌾 74.5%
Knight ×26 · Throwing Axeman ×8 · Scout Cavalry ×4 · Trebuchet (Packed) ×3 · Monk ×2 · Petard ×2
Match map
Initial resources + every placement click. Lines = walls · curves = elevation contours. ◆ gold · ⬟ stone · ● berries · ✦ relic · ◌ wall gap
Your base· ✓ Closed at 13:13 · 0t walls · 2 gate(s)
doris_deadleg's base· ✓ Closed at 12:11 · 0t walls · 2 gate(s)
Smoothed initial terrain · ◌ = detected wall gap · hover for details
Inputs per minute
— fidelon33 - - doris_deadleg
Build order — fidelon33
First 150 of 235 actions detected
| 0:01 | Queue | Villager (Male) |
| 0:01 | Queue | Villager (Male) |
| 0:01 | Queue | Villager (Male) |
| 0:02 | Queue | Villager (Male) |
| 0:02 | Queue | Villager (Male) |
| 0:05 | Build | House |
| 0:07 | Build | House |
| 1:25 | Queue | Villager (Male) |
| 1:25 | Queue | Villager (Male) |
| 1:47 | Build | Lumber Camp |
| 1:49 | Queue | Villager (Male) |
| 2:32 | Queue | Villager (Male) |
| 2:33 | Queue | Villager (Male) |
| 2:33 | Queue | Villager (Male) |
| 2:52 | Queue | Villager (Male) |
| 2:52 | Queue | Villager (Male) |
| 2:55 | Queue | Villager (Male) |
| 3:31 | Queue | Villager (Male) |
| 3:32 | Queue | Villager (Male) |
| 4:01 | Build | House |
| 4:07 | Build | House |
| 4:08 | Build | House |
| 4:09 | Build | House |
| 4:16 | Queue | Villager (Male) |
| 4:16 | Queue | Villager (Male) |
| 4:39 | Queue | Villager (Male) |
| 4:39 | Queue | Villager (Male) |
| 4:40 | Queue | Villager (Male) |
| 4:51 | Build | Mill |
| 5:27 | Queue | Villager (Male) |
| 5:28 | Queue | Villager (Male) |
| 5:28 | Queue | Villager (Male) |
| 5:28 | Queue | Villager (Male) |
| 5:53 | Queue | Villager (Male) |
| 5:53 | Queue | Villager (Male) |
| 6:13 | Queue | Villager (Male) |
| 6:14 | Queue | Villager (Male) |
| 6:20 | Build | Mill |
| 7:22 | Build | Lumber Camp |
| 7:23 | Queue | Villager (Male) |
| 7:23 | Queue | Villager (Male) |
| 7:23 | Queue | Villager (Male) |
| 7:23 | Queue | Villager (Male) |
| 7:24 | Queue | Villager (Male) |
| 7:24 | Queue | Villager (Male) |
| 7:24 | Queue | Villager (Male) |
| 9:26 | Research | Feudal Age |
| 9:55 | Build | Mining Camp |
| 10:51 | Build | Farm |
| 10:54 | Build | Farm |
| 10:57 | Build | Farm |
| 11:00 | Build | Farm |
| 11:04 | Build | Farm |
| 11:08 | Build | Farm |
| 11:32 | Queue | Villager (Male) |
| 11:32 | Queue | Villager (Male) |
| 12:21 | Build | Market |
| 12:25 | Build | Blacksmith |
| 12:59 | Build | Mining Camp |
| 13:13 | Research | Castle Age |
| 14:51 | Queue | Villager (Male) |
| 14:52 | Queue | Villager (Male) |
| 15:10 | Build | House |
| 15:11 | Build | House |
| 15:25 | Build | Farm |
| 15:41 | Build | Farm |
| 15:45 | Build | Farm |
| 15:58 | Research | Stone Mining |
| 16:01 | Research | Loom |
| 16:03 | Research | Town Watch |
| 16:04 | Research | Wheelbarrow |
| 16:21 | Build | Siege Workshop |
| 17:21 | Research | Double-Bit Axe |
| 17:22 | Research | Horse Collar |
| 17:24 | Research | Gold Mining |
| 17:52 | Build | House |
| 18:54 | Build | Castle |
| 19:01 | Queue | Villager (Male) |
| 19:01 | Queue | Villager (Male) |
| 19:32 | Research | Gold Shaft Mining |
| 19:55 | Queue | Villager (Male) |
| 19:55 | Queue | Villager (Male) |
| 20:02 | Build | Farm |
| 20:04 | Build | Farm |
| 20:06 | Build | Farm |
| 20:08 | Build | Farm |
| 20:10 | Build | Farm |
| 20:12 | Build | Farm |
| 20:14 | Build | Farm |
| 20:24 | Queue | Mangonel |
| 20:32 | Queue | Janissary |
| 20:32 | Queue | Janissary |
| 20:46 | Queue | Janissary |
| 21:16 | Build | Town Center |
| 21:36 | Queue | Janissary |
| 21:57 | Queue | Battering Ram |
| 21:57 | Queue | Battering Ram |
| 22:04 | Queue | Janissary |
| 22:07 | Queue | Janissary |
| 22:07 | Queue | Janissary |
| 22:15 | Queue | Villager (Male) |
| 22:15 | Queue | Villager (Male) |
| 22:19 | Queue | Villager (Male) |
| 22:19 | Queue | Villager (Male) |
| 22:47 | Queue | Janissary |
| 23:21 | Queue | Janissary |
| 23:27 | Queue | Villager (Male) |
| 23:27 | Queue | Villager (Male) |
| 23:30 | Queue | Villager (Male) |
| 23:30 | Queue | Villager (Male) |
| 23:35 | Build | Farm |
| 23:39 | Queue | Villager (Male) |
| 24:18 | Build | Farm |
| 24:18 | Build | Farm |
| 24:18 | Build | Farm |
| 24:18 | Build | Farm |
| 24:19 | Build | Farm |
| 24:19 | Build | Farm |
| 24:19 | Build | Farm |
| 24:20 | Build | Farm |
| 24:20 | Build | Farm |
| 24:20 | Build | Farm |
| 24:20 | Build | Farm |
| 24:21 | Build | Farm |
| 24:21 | Build | Farm |
| 24:21 | Build | Farm |
| 24:22 | Build | Farm |
| 24:38 | Queue | Villager (Male) |
| 25:13 | Build | Farm |
| 25:13 | Build | Farm |
| 25:14 | Build | Farm |
| 25:14 | Build | Farm |
| 25:14 | Build | Farm |
| 25:14 | Build | Farm |
| 25:15 | Build | Farm |
| 25:53 | Build | Farm |
| 25:55 | Build | Farm |
| 25:57 | Build | Farm |
| 26:50 | Research | Imperial Age |
| 27:05 | Queue | Villager (Male) |
| 27:05 | Queue | Villager (Male) |
| 28:02 | Queue | Villager (Male) |
| 28:51 | Build | Mining Camp |
| 29:49 | Queue | Janissary |
| 29:49 | Queue | Janissary |
| 30:06 | Queue | Trebuchet (Packed) |
| 30:51 | Queue | Villager (Male) |
| 30:52 | Queue | Villager (Male) |
| 31:10 | Queue | Trebuchet (Packed) |
| 31:37 | Build | Siege Workshop |
Build order — doris_deadleg
First 150 of 229 actions detected
| 0:00 | Queue | Villager (Male) |
| 0:01 | Queue | Villager (Male) |
| 0:01 | Queue | Villager (Male) |
| 0:02 | Build | House |
| 0:04 | Build | House |
| 0:05 | Queue | Villager (Male) |
| 1:24 | Queue | Villager (Male) |
| 2:14 | Queue | Villager (Male) |
| 2:14 | Queue | Villager (Male) |
| 2:27 | Build | Lumber Camp |
| 2:49 | Queue | Villager (Male) |
| 2:49 | Queue | Villager (Male) |
| 3:39 | Queue | Villager (Male) |
| 3:43 | Queue | Villager (Male) |
| 4:00 | Build | House |
| 4:42 | Queue | Villager (Male) |
| 5:15 | Queue | Villager (Male) |
| 5:15 | Queue | Villager (Male) |
| 5:26 | Build | Mill |
| 5:37 | Queue | Villager (Male) |
| 5:49 | Queue | Villager (Male) |
| 6:25 | Queue | Villager (Male) |
| 6:30 | Build | Mill |
| 6:38 | Queue | Villager (Male) |
| 6:40 | Build | House |
| 7:00 | Queue | Villager (Male) |
| 7:23 | Queue | Villager (Male) |
| 7:46 | Build | Mining Camp |
| 8:17 | Research | Feudal Age |
| 8:50 | Queue | Villager (Male) |
| 9:29 | Build | House |
| 10:16 | Queue | Villager (Male) |
| 10:19 | Research | Loom |
| 10:51 | Build | Blacksmith |
| 11:38 | Build | Market |
| 12:07 | Build | Mining Camp |
| 12:09 | Queue | Villager (Male) |
| 12:11 | Research | Castle Age |
| 12:40 | Queue | Villager (Male) |
| 12:49 | Research | Double-Bit Axe |
| 14:18 | Build | Mining Camp |
| 14:21 | Queue | Villager (Male) |
| 15:22 | Build | Castle |
| 15:24 | Queue | Villager (Male) |
| 15:32 | Queue | Villager (Male) |
| 15:37 | Build | Farm |
| 16:02 | Queue | Villager (Male) |
| 16:09 | Build | Farm |
| 16:14 | Build | Farm |
| 16:39 | Build | Farm |
| 16:41 | Build | House |
| 16:43 | Queue | Villager (Male) |
| 17:08 | Queue | Throwing Axeman |
| 17:09 | Queue | Throwing Axeman |
| 17:18 | Build | Farm |
| 17:22 | Build | Farm |
| 17:34 | Build | Farm |
| 17:47 | Queue | Villager (Male) |
| 18:03 | Queue | Villager (Male) |
| 18:07 | Build | Farm |
| 18:21 | Build | Farm |
| 18:23 | Queue | Throwing Axeman |
| 18:44 | Queue | Villager (Male) |
| 18:47 | Build | Farm |
| 18:48 | Queue | Villager (Male) |
| 19:09 | Queue | Villager (Male) |
| 19:12 | Queue | Throwing Axeman |
| 19:32 | Queue | Petard |
| 20:04 | Queue | Petard |
| 20:19 | Build | Farm |
| 20:26 | Queue | Villager (Male) |
| 20:26 | Queue | Villager (Male) |
| 21:02 | Queue | Villager (Male) |
| 21:14 | Build | Castle |
| 21:18 | Queue | Villager (Male) |
| 21:24 | Queue | Villager (Male) |
| 21:28 | Queue | Villager (Male) |
| 21:58 | Build | Farm |
| 21:58 | Build | Farm |
| 21:58 | Build | Farm |
| 21:58 | Build | Farm |
| 21:59 | Build | Farm |
| 21:59 | Build | Farm |
| 21:59 | Build | Farm |
| 22:05 | Research | Fletching |
| 22:51 | Research | Padded Archer Armor |
| 22:54 | Research | Bodkin Arrow |
| 22:57 | Queue | Villager (Male) |
| 23:58 | Build | Town Center |
| 23:59 | Queue | Villager (Male) |
| 24:01 | Research | Bow Saw |
| 24:02 | Queue | Villager (Male) |
| 24:05 | Queue | Villager (Male) |
| 24:48 | Queue | Villager (Male) |
| 24:51 | Build | Farm |
| 24:53 | Build | Farm |
| 25:24 | Queue | Villager (Male) |
| 25:33 | Queue | Villager (Male) |
| 26:02 | Build | Castle |
| 26:04 | Queue | Villager (Male) |
| 26:10 | Queue | Villager (Male) |
| 26:11 | Queue | Villager (Male) |
| 26:15 | Build | Farm |
| 26:18 | Build | Farm |
| 26:19 | Queue | Villager (Male) |
| 26:35 | Queue | Villager (Male) |
| 26:42 | Build | Farm |
| 26:44 | Queue | Villager (Male) |
| 26:44 | Queue | Villager (Male) |
| 26:46 | Build | Farm |
| 26:51 | Build | Farm |
| 26:54 | Queue | Villager (Male) |
| 27:07 | Build | Farm |
| 27:20 | Queue | Villager (Male) |
| 27:21 | Queue | Villager (Male) |
| 27:28 | Queue | Villager (Male) |
| 27:52 | Build | Monastery |
| 27:57 | Build | Farm |
| 28:00 | Queue | Villager (Male) |
| 28:24 | Research | Imperial Age |
| 28:43 | Queue | Monk |
| 29:27 | Queue | Throwing Axeman |
| 29:28 | Queue | Throwing Axeman |
| 29:50 | Queue | Throwing Axeman |
| 29:51 | Queue | Throwing Axeman |
| 30:26 | Build | Farm |
| 30:30 | Build | Farm |
| 30:36 | Build | Mining Camp |
| 30:39 | Build | Farm |
| 30:40 | Build | Farm |
| 30:40 | Build | Farm |
| 30:40 | Build | Farm |
| 31:15 | Build | Siege Workshop |
| 31:20 | Build | University |
| 31:21 | Queue | Villager (Male) |
| 31:23 | Queue | Monk |
| 31:50 | Queue | Trebuchet (Packed) |
| 32:43 | Queue | Trebuchet (Packed) |
| 32:50 | Queue | Villager (Male) |
| 32:57 | Queue | Trebuchet (Packed) |
| 33:09 | Queue | Villager (Male) |
| 33:12 | Queue | Villager (Male) |
| 33:24 | Queue | Villager (Male) |
| 33:57 | Queue | Villager (Male) |
| 34:18 | Queue | Villager (Male) |
| 34:56 | Build | Barracks |
| 35:13 | Research | Scale Barding Armor |
| 35:15 | Research | Forging |
| 35:26 | Build | Stable |
| 35:27 | Build | Stable |
Match timeline
| 14:55 | doris_deadleg · first_market_buy 100 stone |
| 15:22 | doris_deadleg · first_building Castle |
| 16:21 | fidelon33 · first_building Siege Workshop |
| 18:54 | fidelon33 · first_building Castle |
| 26:46 | fidelon33 · first_market_buy 100 food |
| 27:52 | doris_deadleg · first_building Monastery |
| 28:04 | doris_deadleg · first_market_sell 100 stone |
| 31:15 | doris_deadleg · first_building Siege Workshop |
| 34:56 | doris_deadleg · first_building Barracks |
| 35:26 | doris_deadleg · first_building Stable |
| 36:37 | fidelon33 · first_building Barracks |
| 37:15 | fidelon33 · first_building Stable |
| 37:20 | doris_deadleg · first_building Archery Range |
| 41:59 | doris_deadleg · resign |
[ AI ANALYSIS · 1 CREDIT ]
What really happened in this match?
Wolo.gg analyzes every decision: build order, eco, micro, common mistakes by bracket. Personalized analysis on WhatsApp or Discord in 30 seconds.
Civ guide
Turks
Perfil
Jugador #13707220